 Dungeon Crawl Stone Soup version 0.26-a0-346-g33516b1736 (webtiles) character file.

Game seed: 9390906161639034384

90 Glokmah the Basher (level 4, -1/38 HPs)
             Began as a Gnoll Wanderer on July 17, 2020.
             Was an Initiate of Ashenzari.
             Slain by Crazy Yiuf
             ... wielding a +4 quarterstaff of chaos
              (5 damage)
             ... on level 2 of the Dungeon.
             The game lasted 00:03:42 (1285 turns).

Glokmah the Basher (Gnoll Wanderer)                 Turns: 1285, Time: 00:03:42

Health: -1/38      AC:  6    Str: 14    XL:     4   Next: 56%
Magic:  5/5        EV: 11    Int: 12    God:    Ashenzari [......]
Gold:   61         SH:  0    Dex: 18    Spells: 5/5 levels left

rFire    . . .     SeeInvis .   c - +0 hand crossbow
rCold    . . .     Faith    .   (no shield)
rNeg     . . .     Spirit   .   j - +0 ring mail
rPois    .         Reflect  .   (no helmet)
rElec    .         Harm     .   (no cloak)
rCorr    .                      (no gloves)
MR       .....                  l - +0 pair of boots
Stlth    ++........             (no amulet)
HPRegen  0.12/turn              (no ring)
MPRegen  0.09/turn              (no ring)

@: no status effects
A: distributed training, fangs 1, strong nose
a: Curse Item, Renounce Religion


You were on level 2 of the Dungeon.
You worshipped Ashenzari.
Ashenzari was noncommittal.
You visited 1 branch of the dungeon, and saw 2 of its levels.

You collected 61 gold pieces.

Inventory:

Hand Weapons
 a - a +2 dagger
 c - a +0 hand crossbow (weapon)
Missiles
 b - 4 curare-tipped darts
 d - 21 bolts (quivered)
Armour
 j - a +0 ring mail (worn)
 l - a +0 pair of boots (worn)
Jewellery
 m - an uncursed ring of protection from magic
Potions
 e - 2 potions of curing
 g - a potion of might
 h - a potion of stabbing
 i - a potion of berserk rage {unknown}
 k - a potion of brilliance {unknown}


   Skills:
 + Level 4.6 Fighting
 + Level 1.1 Short Blades
 + Level 1.1 Long Blades
 + Level 1.1 Axes
 + Level 8.5 Maces & Flails
 + Level 1.1 Polearms
 + Level 1.1 Staves
 + Level 1.1 Slings
 + Level 1.1 Bows
 + Level 1.1 Crossbows
 + Level 2.7 Throwing
 + Level 1.1 Armour
 + Level 1.1 Dodging
 + Level 2.5 Stealth
 + Level 1.1 Shields
 + Level 4.6 Unarmed Combat
 + Level 1.1 Spellcasting
 + Level 0.9 Conjurations
 + Level 0.9 Hexes
   Level 0.0 Charms
 + Level 0.9 Summonings
 + Level 0.9 Necromancy
 + Level 0.9 Translocations
 + Level 0.9 Transmutations
 + Level 0.9 Fire Magic
 + Level 0.9 Ice Magic
 + Level 0.9 Air Magic
 + Level 0.9 Earth Magic
 + Level 0.9 Poison Magic
 + Level 1.2 Invocations
 + Level 1.1 Evocations


You had 5 spell levels left.
You didn't know any spells.
Your spell library was empty.

Dungeon Overview and Level Annotations

Branches:
Dungeon (2/15)

Altars:
Ashenzari
Cheibriados
Qazlal

Annotations:
D:2 Crazy Yiuf


Innate Abilities, Weirdness & Mutations

Your experience applies equally to all skills.
You have very sharp teeth.
Your uncanny sense of smell can sniff out nearby items.


Message History

Aim: Crazy Yiuf, wielding a +4 quarterstaff of chaos and wearing a +0 cloak (heavily wounded)
Okay, then.
Crazy Yiuf glowers.
There is a stone staircase leading up here.
You aren't carrying any scrolls.
Okay, then.
Okay, then.
Crazy Yiuf sings, "Trees, trees, trees, circus!"
Crazy Yiuf waves his quarterstaff at you.
You see here a stone.
Crazy Yiuf laughs, "Aardvark!
You mumblescurry wrapper."
You see here a stone.
Crazy Yiuf screams, "Goober!
Prologue fast song."
There is an open door here.
You feel better.
Crazy Yiuf says, "Crazy?
Crazy!?
PORCUPINE!"
Crazy Yiuf hits you with a +4 quarterstaff of chaos!
* * * LOW HITPOINT WARNING * * *
Crazy Yiuf freezes you.
You die...

.........######...........# *,,
..........)...'...........# *,,
##.##.#########...........#######
.#....#,,........................
......#.######+###'#####+########
.#....#.#..............#.########
...#...........[.......#.#.......
.###..#................#.#.......
## #..#.........@g.....#.#.......
#..#................#.#.......
#..###..............#.#.......
####..# #................#.......
.≈≈≈..# #................'.(.(...
≈≈≈≈≈## #..............###.......
≈≈.≈≈_# #..............# #....(..
≈≈≈≈≈## #..............# #####(##
.≈≈≈..# #..............# #.#


You could see Crazy Yiuf.

Vanquished Creatures
  A hound (D:2)
  2 adders (D:2)
  A worm (D:2)
  2 dart slugs (D:2)
  A leopard gecko (D:2)
  A giant cockroach (D:1)
  3 goblins
  4 hobgoblins
  A quokka (D:2)
  2 ball pythons
  5 bats
  5 frilled lizards
  6 kobolds
  3 rats
37 creatures vanquished.

Notes
Turn   | Place    | Note
-------+----------+-------------------------------------------
     0 | D:1      | Glokmah the Gnoll Wanderer began the quest for the Orb.
     0 | D:1      | Glokmah set off with the following items: a +2 dagger, 4
                  | curare-tipped darts, a +0 hand crossbow, 27 bolts, a potion
                  | of curing, a +0 robe
     0 | D:1      | Reached XP level 1. HP: 20/20 MP: 1/1
    97 | D:1      | Found a shattered altar of Ashenzari.
   100 | D:1      | Reached XP level 2. HP: 26/26 MP: 2/2
   109 | D:1      | Became a worshipper of Ashenzari the Shackled
   486 | D:2      | Reached XP level 3. HP: 29/31 MP: 3/3
   735 | D:2      | Reached skill level 1 in Short Blades
   735 | D:2      | Reached skill level 1 in Long Blades
   735 | D:2      | Reached skill level 1 in Axes
   735 | D:2      | Reached skill level 1 in Polearms
   735 | D:2      | Reached skill level 1 in Staves
   735 | D:2      | Reached skill level 1 in Slings
   735 | D:2      | Reached skill level 1 in Bows
   735 | D:2      | Reached skill level 1 in Crossbows
   735 | D:2      | Reached skill level 1 in Armour
   735 | D:2      | Reached skill level 1 in Dodging
   735 | D:2      | Reached skill level 1 in Shields
   735 | D:2      | Reached skill level 1 in Spellcasting
   735 | D:2      | Reached skill level 1 in Invocations
   735 | D:2      | Reached skill level 1 in Evocations
   735 | D:2      | Reached XP level 4. HP: 34/38 MP: 5/5
  1031 | D:2      | Found a stormy altar of Qazlal.
  1141 | D:2      | Found a snail-covered altar of Cheibriados.
  1202 | D:2      | Found a runed translucent door.
  1203 | D:2      | Noticed Crazy Yiuf
  1285 | D:2      | Slain by Crazy Yiuf

Illustrated notes

Levels and vault maps discovered:
D:1:      enne_arrival_octagon_isle, layout_rooms, st_stairs_7,
          ashenzari_altar_1
D:2:      layout_basic, kennysheep_slug_shrine, lemuel_doored_altar,
          cheibrodos_gnoll_hut, uniq_crazy_yiuf_cottage, uniq_jessica

Skill      XL: |  1  2  3 |
---------------+----------+-----
Short Blades   | 1 |  1.1
Long Blades    | 1 |  1.1
Axes           | 1 |  1.1
Polearms       | 1 |  1.1
Staves         | 1 |  1.1
Slings         | 1 |  1.1
Bows           | 1 |  1.1
Crossbows      | 1 |  1.1
Armour         | 1 |  1.1
Dodging        | 1 |  1.1
Shields        | 1 |  1.1
Spellcasting   | 1 |  1.1
Invocations    | 1 |  1.2
Evocations     | 1 |  1.1
Fighting       | |  4.6
Maces & Flails | |  8.5
Throwing       | |  2.7
Stealth        | |  2.5
Unarmed Combat | |  4.6
Conjurations   | |  0.9
Hexes          | |  0.9
Summonings     | |  0.9
Necromancy     | |  0.9
Translocations | |  0.9
Transmutations | |  0.9
Fire Magic     | |  0.9
Ice Magic      | |  0.9
Air Magic      | |  0.9
Earth Magic    | |  0.9
Poison Magic   | |  0.9

Action                   |  1- 3 |  4- 6 || total
-------------------------+-------+-------++-------
Melee: Dagger            |    32 |    31 ||    63
       Bite              |     3 |     1 ||     4
 Fire: Hand crossbow     |    29 |     5 ||    34
  Use: Scroll            |     2 |     2 ||     4
       Potion            |       |     1 ||     1
 Stab: Sleeping          |     2 |     1 ||     3
Armor: Robe              |    18 |       ||    18
       Ring mail         |       |     5 ||     5
Dodge: Dodged            |    27 |    14 ||    41

Table legend:
 A = Non-vault XP
 B = Vault XP
 C = Vault XP percentage of total XP
 D = Non-vault monster count
 E = Vault monster count
 F = Vault count percentage of total count
                 A         B        C        D         E       F
            +---------+---------+-------+---------+---------+-------
      Total |     124 |       5 |   3.9 |      35 |       2 |   5.4
            +---------+---------+-------+---------+---------+-------
        D:1 |      26 |       1 |   3.7 |      18 |       1 |   5.3
        D:2 |      98 |       4 |   3.9 |      17 |       1 |   5.6
            +---------+---------+-------+---------+---------+-------
